 Dungeon Crawl Stone Soup version 0.29-a0-266-gf56f883ddd (webtiles) character file.

Game seed: 6475040109775897633

117756 Inarius the Severer (level 16, -2/124 HPs)
             Began as a Demonspawn Fighter on Mar 6, 2022.
             Was the Champion of Makhleb.
             Slain by a goliath frog (8 damage)
             ... while paralysed by a fenstrider witch
             ... on level 1 of the Swamp.
             The game lasted 00:45:38 (21559 turns).

Inarius the Severer (Demonspawn Fighter)           Turns: 21559, Time: 00:45:38

Health: -2/124     AC: 24    Str: 26    XL:     16   Next: 23%
Magic:  35/35      EV:  2    Int: 12    God:    Makhleb [******]
Gold:   1189       SH:  0    Dex:  9    Spells: 15/15 levels left

rFire   + + .      SeeInvis .   s - +4 broad axe (flame)
rCold   + . .      Faith    .   H - +0 tower shield
rNeg    + . .      Spirit   .   I - +7 plate armour "Ivvuon" {rPois Will+ MP+9 Dex-3}
rPois   +          Reflect  .   (helmet unavailable)
rElec   .          Harm     .   T - scarf {rC+ rF+}
rCorr   .          Rampage  .   n - +0 pair of gloves
Will    ++...                   C - +1 pair of boots {Fly}
Stlth   ..........              k - amulet of regeneration
HPRegen 1.10/turn               q - ring of the Loving Gods {rF+ rN+ Str+3}
MPRegen 0.24/turn               o - +4 ring of evasion

@: paralysed, lethally poisoned (-2 -> -5), corroded, flying
A: horns 3, thin metallic scales 2, foul stench 1, icemail 1, augmentation 1,
condensation shield
a: Renounce Religion, Minor Destruction, Lesser Servant of Makhleb, Major
Destruction, Greater Servant of Makhleb


You were on level 1 of the Swamp.
You worshipped Makhleb.
Makhleb was exalted by your worship.
You visited 5 branches of the dungeon, and saw 25 of its levels.
You also visited: Sewer, Ossuary and Gauntlet.

You collected 2598 gold pieces.
You spent 1409 gold pieces at shops.

Inventory:

Hand Weapons
 a - the +7 falchion of Kuajus {elec, rPois SInv}
   (You took it off an orc on level 8 of the Dungeon)

   It occasionally discharges a powerful burst of electricity upon striking a
   foe.
   rPois:     It protects you from poison.
   SInv:      It lets you see invisible.
 s - a +4 broad axe of flaming (weapon)
Missiles
 j - 3 throwing nets (quivered)
Armour
 n - a +0 pair of gloves (worn)
 t - the +5 scale mail of Ciar {rC+ Str+3 Int+7 Dex-2}
   (You found it in a Gauntlet)

   Str:       It affects your strength (+3).
   Int:       It affects your intelligence (+7).
   Dex:       It affects your dexterity (-2).
   rC:        It protects you from cold.
 C - a +1 pair of boots of flying (worn)
 F - +5 pearl dragon scales
 H - a +0 tower shield (worn)
 I - the +7 plate armour "Ivvuon" (worn) {rPois Will+ MP+9 Dex-3}
   (You bought it in a shop on level 2 of the Orcish Mines)

   Dex:       It affects your dexterity (-3).
   rPois:     It protects you from poison.
   MP:        It affects your magic capacity (+9).
   Will:      It increases your willpower.
 J - the -5 cloak "Ygin" {rElec rF+ Dex+3}
   (You found it on level 8 of the Dungeon)

   Dex:       It affects your dexterity (+3).
   rF:        It protects you from fire.
   rElec:     It insulates you from electricity.
 T - a scarf of resistance (worn)
Jewellery
 e - a +6 ring of dexterity
 k - an amulet of regeneration (around neck)
 o - a +4 ring of evasion (right hand)
 p - a +4 ring of protection
 q - the ring of the Loving Gods (left hand) {rF+ rN+ Str+3}
   (You found it on level 6 of the Lair of Beasts)

   [ring of positive energy]

   Str:       It affects your strength (+3).
   rF:        It protects you from fire.
   rN:        It protects you from negative energy.
 r - a ring of flight
 E - a +4 ring of slaying
 G - a ring of resist corrosion
 W - a ring of protection from cold
Wands
 O - a wand of iceblast (13)
 R - a wand of flame (31)
 U - a wand of mindburst (13)
 Y - a wand of charming (6)
Scrolls
 b - 3 scrolls of identify
 d - 7 scrolls of teleportation
 f - 3 scrolls of blinking
 h - 4 scrolls of vulnerability
 l - 3 scrolls of summoning
 y - 4 scrolls of immolation
 z - 6 scrolls of fear
 A - 4 scrolls of fog
 M - 3 scrolls of amnesia
 S - 3 scrolls of silence
Potions
 c - 14 potions of ambrosia
 g - 3 potions of haste
 i - 17 potions of curing
 m - a potion of lignification
 u - 3 potions of heal wounds
 v - a potion of invisibility
 w - a potion of magic
 x - 3 potions of cancellation
 B - a potion of might
 D - 2 potions of attraction
 K - 2 potions of brilliance
 N - 3 potions of berserk rage
 P - 3 potions of resistance
 Q - a potion of flight
 V - 3 potions of mutation


   Skills:
 + Level 10.7 Fighting
 - Level 0.4 Long Blades
 * Level 18.3 Axes
 * Level 10.2 Armour
 + Level 1.3 Dodging
 + Level 11.0 Shields
 + Level 2.8 Unarmed Combat
 * Level 14.4 Invocations
 * Level 4.4 Evocations


You had 15 spell levels left.
You didn't know any spells.
Your spell library contained the following spells:

 Spells                   Type           Power      Damage    Failure   Level
 Apportation              Tloc           0%         N/A       100%        1
 Foxfire                  Conj/Fire      0%         2x1d4     100%        1
 Sandblast                Erth           0%         2d4       100%        1
 Slow                     Hex            0%         N/A       100%        1
 Corpse Rot               Necr/Air       0%         N/A       100%        2
 Passwall                 Tmut/Erth      0%         N/A       100%        2
 Poisonous Vapours        Pois/Air       0%         N/A       100%        2
 Confusing Touch          Hex            0%         N/A       100%        3
 Conjure Flame            Conj/Fire      0%         6-21      100%        3
 Inner Flame              Hex/Fire       0%         N/A       100%        3
 Portal Projectile        Hex/Tloc       0%         N/A       100%        3
 Stone Arrow              Conj/Erth      0%         3d7       100%        3
 Vampiric Draining        Necr           0%         2d6       100%        3
 Animate Armour           Summ/Erth      0%         N/A       100%        4
 Dispel Undead            Necr           0%         3d6       100%        4
 Flame Wave               Conj/Fire      0%         2d4       100%        4
 Summon Lightning Spire   Summ/Air       0%         N/A       100%        4
 Alistair's Intoxication  Tmut/Pois      0%         N/A       100%        5
 Blade Hands              Tmut           0%         N/A       100%        5
 Excruciating Wounds      Necr           0%         N/A       100%        5
 Death Channel            Necr           0%         N/A       100%        6
 Dispersal                Tloc           0%         N/A       100%        6
 Storm Form               Tmut/Air       0%         N/A       100%        7
 Disjunction              Tloc           0%         N/A       100%        8
 Lehudib's Crystal Spear  Conj/Erth      0%         10d2      100%        8
 Maxwell's Capacitive Co  Air            0%         ∞         100%        8


Dungeon Overview and Level Annotations

Branches:
Dungeon (15/15)            Temple (1/1) D:5            Lair (6/6) D:11
  Swamp (1/4) Lair:3        Snake (0/4) Lair:3        Slime (0/5) Lair:6
    Orc (2/2) D:11            Elf (0/3) Orc:2        Vaults (0/5) D:14
 Depths (0/4) D:15          Sewer (visited)         Ossuary (visited)
Gauntlet (visited)

Altars:
Dithmenos
Fedhas
Kikubaaqudgha
Makhleb
Nemelex Xobeh
Qazlal
Ru
Trog
Wu Jian
Xom
Beogh

Shops:
D:4 (=?   D:8 ?(   D:11 [   Orc:2 [[([

Portals:
Abyss: Lair:4

Annotations:
Lair:4 2 transporters, Plog's ghost, journeyman DDGl
Lair:6 exclusions: obsidian statue and 2 oklob plants


Innate Abilities, Weirdness & Mutations

You have a pair of large horns on your head.
You are mostly covered in thin metallic scales. (AC +3)
You may rarely emit foul miasma when damaged in melee.
A meltable icy envelope protects you from harm. (AC +4)
Your magical and physical power is slightly enhanced at high health.
A meltable shield of frost defends you. (SH +4)


Message History

A spriggan rider comes into view. It is wielding a +0 spear.
The fenstrider witch points at you and mumbles some strange words.
The toxic sludge hits you!
You are poisoned.
You partially resist.
A bunyip comes into view.
The goliath frog hits you from afar.
You are splashed with acid!
The thorn hunter gestures.
Thorny briars emerge from the ground!
The alligator bites you!
The alligator tail-slaps you but does no damage.
The spriggan rider moves out of view.
You feel very sick.
The bunyip claws the briar patch!!
The briar patch is destroyed!
The tyrant leech bites you but does no damage.
The goliath frog hits you but does no damage.
The spriggan rider hits you from afar with a +0 spear!
The alligator bites you!
The alligator tail-slaps you but does no damage.
The spriggan rider hits you but does no damage.
The fenstrider witch gestures at you while chanting.
The toxic sludge hits you!
You are more poisoned.
You partially resist.
You feel very sick. The goliath frog hits you from afar. The acid corrodes you!
You are splashed with acid.
* * * LOW HITPOINT WARNING * * *
The alligator bites you but does no damage.
The alligator tail-slaps you but does no damage.
The spriggan rider hits you from afar with a +0 spear!
* * * LOW HITPOINT WARNING * * *
The tyrant leech barely misses you.
The fenstrider witch hits you but does no damage.
The fenstrider witch kicks you but does no damage.
The spriggan rider hits you from afar with a +0 spear!
* * * LOW HITPOINT WARNING * * *
You feel very sick. The goliath frog hits you from afar!
You die... ≈≈.≈≈. .≈.x..♣ ≈≈§§≈P PP♣P≈P♣ ≈≈...P PPPPPP

≈♣..≈§♣ ≈≈..♣
≈≈..≈.≈♣≈≈w♣
.≈.....ii≈.♣♣♣♣
..≈..≈tH≈§≈....
≈.≈≈≈Dw@≈F♣
..≈.≈≈≈≈≈.♣
♣.≈≈♣≈f≈..[♣
♣...D..≈≈♣..♣ ♣
.≈.≈≈≈≈≈≈..♣
...≈.≈♣≈≈≈♣≈..♣
♣..≈.≈.§.≈. ≈≈♣
♣.≈.?♣)≈≈≈≈≈≈≈≈


You could see a thorn hunter, a bunyip, an alligator, a six-headed hydra, a
swamp dragon, a fenstrider witch, 2 tyrant leeches, 2 spriggan riders and a
goliath frog.

Vanquished Creatures
  An emperor scorpion (Lair:6)
  A bunyip (Lair:3)
  A minotaur (Gauntlet)
  4 dire elephants
  A spark wasp (D:11)
  Erolcha (D:9)
  2 boulder beetles
  An ice dragon (Lair:1)
  8 vault guards (D:14)
  6 hydras
  2 centaur warriors
  3 ogre magi
  A catoblepas (D:14)
  16 two-headed ogres
  A tengu warrior (D:13)
  A death scarab (Gauntlet)
  6 death yaks
  3 spectral death yaks
  A goliath frog (Lair:6)
  A spectral anaconda (Lair:6)
  4 skeletal warriors (D:15)
  6 deep trolls
  A lindwurm (Lair:6)
  4 necromancers
  2 wizards
  Pikel (D:6)
  The ghost of NigelTetley the Magician, a novice DECj of Vehumet (D:8)
  4 deep elf pyromancers
  A harpy (D:11)
  A wolf spider (D:15)
  A deep elf zephyrmancer (D:15)
  14 ugly things
  12 cyclopes
  4 manticores
  An apocalypse crab (Gauntlet)
  17 elephants
  3 black mambas
  An eye of devastation (Gauntlet)
  A dire elephant skeleton (Lair:6)
  3 centaur skeletons (D:15)
  3 gargoyles
  6 cane toads
  2 naga magi (D:15)
  An unseen horror (D:11)
  A kobold demonologist (D:12)
  2 rime drakes (Lair:1)
  A minotaur zombie (Gauntlet)
  A freezing wraith (D:14)
  3 ice devils (Lair:1)
  2 efreet (D:15)
  8 komodo dragons
  A queen bee (Lair:4)
  14 trolls
  9 meliai
  5 polar bears
  16 blink frogs
  4 hornets
  3 spectral elephants (Lair:6)
  7 slime creatures
  11 dream sheep (Lair:6)
  A shadow (D:7)
  2 wraiths
  55 yaks
  2 vampires
  2 wyverns (Lair:6)
  Grum (D:8)
  2 basilisks (shapeshifter)
  5 basilisks
  A death yak simulacrum (Lair:6)
  A golden eye (Gauntlet)
  2 steam dragons
  A warg (shapeshifter) (D:13)
  3 acid dragons
  3 nagas (Lair:3)
  2 spectral cane toads (Lair:6)
  10 water moccasins
  A floating eye (Gauntlet)
  15 orc warriors
  5 ice beasts
  3 black bears
  2 elephant zombies (Lair:6)
  A sky beast (D:6)
  28 ogres
  An elephant skeleton (Lair:6)
  17 wolves
  4 centaurs
  A phantom (D:5)
  A lemure (D:6)
  Blork the orc (D:6)
  10 bullfrogs
  A necrophage (D:6)
  2 kobold brigands
  2 water moccasin zombies (Ossuary)
  A gnoll sergeant (D:5)
  2 scorpions
  A two-headed ogre simulacrum (Lair:1)
  8 earth elementals (D:14)
  2 wights (D:7)
  2 elephant simulacra (Lair:6)
  26 killer bees
  11 howler monkeys
  13 orc priests
  4 hounds
  3 jellies
  A gnoll shaman (D:10)
  Ijyb (D:5)
  3 iguanas
  23 orc wizards
  A spriggan simulacrum (Lair:1)
  2 mummies (Ossuary)
  13 gnolls
  11 adders
  A shadow imp (D:6)
  2 white imps (D:7)
  3 ufetubi
  4 adder zombies (Ossuary)
  A worm (D:3)
  A dart slug (D:2)
  77 orcs
  11 ball pythons
  5 bats
  14 endoplasms
  16 giant cockroaches
  6 goblins
  10 hobgoblins
  3 jackals (D:1)
  8 kobolds
  15 quokkas (Sewer)
  7 frilled lizards
  5 gnoll zombies (Ossuary)
  3 hobgoblin zombies (Ossuary)
  4 kobold zombies (Ossuary)
  5 orc zombies (Ossuary)
  5 rats
765 creatures vanquished.

Vanquished Creatures (others)
  A bloated husk (Swamp:1)
  A tyrant leech (Swamp:1)
  An elephant zombie (Lair:6)
  A wolf (Lair:1)
  A briar patch (Swamp:1)
  2 demonic plants (Gauntlet)
  21 fungi
  38 plants
  17 withered plants (Lair:6)
83 creatures vanquished.

Grand Total: 848 creatures vanquished

Notes
Turn   | Place    | Note
-------+----------+-------------------------------------------
     0 | D:1      | Inarius the Demonspawn Fighter began the quest for the Orb.
     0 | D:1      | Reached XP level 1. HP: 18/18 MP: 1/1
    19 | D:1      | Found a faded altar of an unknown god.
   153 | D:1      | Gained mutation: A meltable shield of frost defends you.
                  | (SH +4) [demonic ancestry]
   153 | D:1      | Reached XP level 2. HP: 23/24 MP: 2/2
   175 | D:1      | Reached skill level 2 in Axes
   996 | D:1      | Gained mutation: You are partially covered in thin metallic
                  | scales. (AC +2) [demonic ancestry]
   996 | D:1      | Reached XP level 3. HP: 29/29 MP: 3/3
  1251 | D:2      | Found a shadowy altar of Dithmenos.
  1753 | D:3      | Reached XP level 4. HP: 35/35 MP: 4/4
  1883 | D:2      | Reached skill level 3 in Axes
  1884 | D:2      | Gained mutation: A meltable icy envelope protects you from
                  | harm. (AC +4) [demonic ancestry]
  1884 | D:2      | Reached XP level 5. HP: 9/41 MP: 5/5
  2514 | D:4      | Reached skill level 4 in Axes
  2646 | D:4      | Found a sand-covered staircase.
  2650 | Ossuary  | Entered an ossuary
  2716 | Ossuary  | Gained mutation: You may rarely emit foul miasma when
                  | damaged in melee. [demonic ancestry]
  2716 | Ossuary  | Reached XP level 6. HP: 47/47 MP: 6/6
  2789 | Ossuary  | Reached skill level 5 in Axes
  2874 | D:4      | Found Gusirox's Weapon Shoppe.
  2952 | D:4      | Found Unguamuu's Magic Scroll Shoppe.
  2955 | D:4      | Bought a scroll of identify for 22 gold pieces
  2955 | D:4      | Bought a scroll of identify for 22 gold pieces
  2955 | D:4      | Bought a scroll of identify for 22 gold pieces
  2955 | D:4      | Bought a scroll of identify for 22 gold pieces
  2955 | D:4      | Bought a scroll of fear for 38 gold pieces
  2955 | D:4      | Bought a scroll of magic mapping for 38 gold pieces
  2955 | D:4      | Bought a scroll of fog for 22 gold pieces
  3254 | D:4      | Found Wuomuqu's Jewellery Emporium.
  3347 | D:5      | Entered Level 5 of the Dungeon
  3376 | D:4      | Reached XP level 7. HP: 40/53 MP: 7/7
  3509 | D:5      | Reached skill level 6 in Axes
  3563 | D:5      | Found a staircase to the Ecumenical Temple.
  3573 | Temple   | Entered the Ecumenical Temple
  3674 | Temple   | Became a worshipper of Makhleb the Destroyer
  3757 | D:5      | Reached skill level 1 in Invocations
  3813 | D:5      | Reached skill level 7 in Axes
  3813 | D:5      | Gained mutation: You are mostly covered in thin metallic
                  | scales. (AC +3) [demonic ancestry]
  3813 | D:5      | Reached XP level 8. HP: 53/60 MP: 7/9
  3959 | D:5      | Noticed Ijyb
  3964 | D:5      | Paralysed by Ijyb for 7 turns
  3972 | D:5      | Killed Ijyb
  4490 | D:6      | Noticed Blork the orc
  4496 | D:6      | Noticed Pikel
  4499 | D:6      | Killed Blork the orc
  4505 | D:6      | Killed Pikel
  4506 | D:6      | Reached skill level 8 in Axes
  4524 | D:6      | Found a glowing drain.
  4556 | Sewer    | Entered a sewer
  4600 | Sewer    | Reached * piety under Makhleb
  4721 | Sewer    | Reached XP level 9. HP: 66/66 MP: 11/11
  4751 | Sewer    | Reached ** piety under Makhleb
  4948 | D:6      | Reached skill level 9 in Axes
  5453 | D:6      | Reached skill level 5 in Shields
  5628 | D:7      | Noticed a deep troll
  5628 | D:7      | Noticed a deep troll
  5628 | D:7      | Noticed a deep troll
  5689 | D:7      | Reached *** piety under Makhleb
  5690 | D:7      | Reached skill level 5 in Fighting
  5742 | D:7      | Reached skill level 10 in Axes
  5742 | D:7      | Reached skill level 5 in Invocations
  5932 | D:8      | Found Ummoni's Magic Scroll Boutique.
  5938 | D:8      | Bought a scroll of summoning for 123 gold pieces
  5938 | D:8      | Bought a scroll of identify for 26 gold pieces
  5938 | D:8      | Bought a scroll of identify for 26 gold pieces
  5945 | D:8      | Reached skill level 5 in Armour
  5945 | D:8      | Gained mutation: You have a pair of small horns on your
                  | head. [demonic ancestry]
  5945 | D:8      | Reached XP level 10. HP: 76/76 MP: 12/16
  6031 | D:8      | Noticed Grum
  6037 | D:8      | Reached skill level 11 in Axes
  6055 | D:8      | Killed Grum
  6097 | D:8      | Found Ruelan's Antique Weapon Boutique.
  6119 | D:8      | Gained mutation: You have a pair of horns on your head.
                  | [demonic ancestry]
  6119 | D:8      | Reached XP level 11. HP: 69/81 MP: 17/17
  6243 | D:8      | Found a runed translucent gate.
  6243 | D:8      | Found a runed translucent gate.
  6243 | D:8      | Found a runed translucent gate.
  6246 | D:8      | Noticed NigelTetley's ghost (novice DECj)
  6252 | D:8      | Identified the +7 falchion of Kuajus {elec, rPois SInv}
  6523 | D:8      | Killed NigelTetley's ghost
  6572 | D:8      | Identified the -5 cloak "Ygin" {rElec rF+ Dex+3}
  6647 | D:9      | Reached **** piety under Makhleb
  7042 | D:9      | Noticed Erolcha
  7052 | D:9      | Killed Erolcha
  7262 | D:9      | Reached skill level 12 in Axes
  7472 | D:9      | Noticed a two-headed ogre
  7478 | D:9      | Killed a two-headed ogre
  7551 | D:10     | Entered Level 10 of the Dungeon
  7616 | D:10     | Noticed a two-headed ogre
  7623 | D:10     | Killed a two-headed ogre
  8160 | D:10     | Found a bloodstained altar of Trog.
  8331 | D:11     | Noticed an eight-headed hydra
  8333 | D:11     | Noticed a fire dragon
  8333 | D:11     | an eight-headed hydra changed into a fire dragon
  8334 | D:11     | Noticed a two-headed ogre
  8335 | D:11     | Noticed a spark wasp
  8335 | D:11     | a fire dragon changed into a spark wasp
  8434 | D:10     | Killed a two-headed ogre
  8522 | D:11     | Killed a spark wasp
  8654 | D:11     | Noticed a harpy
  8661 | D:11     | Killed a harpy
  8708 | D:11     | Found Reluyv's Armour Shop.
  8740 | D:11     | Found a staircase to the Orcish Mines.
  8754 | D:11     | Noticed a two-headed ogre
  8763 | D:11     | Killed a two-headed ogre
  8837 | D:11     | Found a staircase to the Lair.
  9215 | Lair:1   | Entered Level 1 of the Lair of Beasts
  9248 | D:11     | Gained mutation: Your magical and physical power is
                  | slightly enhanced at high health. [demonic ancestry]
  9248 | D:11     | Reached XP level 12. HP: 89/89 MP: 19/19
  9571 | Lair:1   | Reached skill level 10 in Invocations
  9583 | Lair:1   | Noticed an ice dragon
  9603 | Lair:1   | Reached skill level 13 in Axes
  9720 | Lair:1   | Noticed a death yak
  9752 | Lair:1   | Killed a death yak
  9759 | Lair:1   | Killed an ice dragon
  9829 | Lair:1   | Reached ***** piety under Makhleb
 10300 | Lair:2   | Found a gate leading to a gauntlet.
 10319 | Gauntlet | Entered a Gauntlet
 10319 | Gauntlet | Found a transporter.
 10319 | Gauntlet | Found a transporter.
 10330 | Gauntlet | Found a transporter.
 10334 | Gauntlet | Found a transporter.
 10337 | Gauntlet | Noticed a death scarab
 10342 | Gauntlet | Found a transporter.
 10346 | Gauntlet | Found a transporter.
 10356 | Gauntlet | Found a transporter.
 10374 | Gauntlet | Found a transporter.
 10392 | Gauntlet | Found a transporter.
 10396 | Gauntlet | Found a transporter.
 10407 | Gauntlet | Found a transporter.
 10408 | Gauntlet | Found a transporter.
 10522 | Gauntlet | Paralysed by a floating eye for 2 turns
 10528 | Gauntlet | Paralysed by a floating eye for 4 turns
 10540 | Gauntlet | Paralysed by a floating eye for 4 turns
 10550 | Gauntlet | Paralysed by a floating eye for 4 turns
 10583 | Gauntlet | Identified the +5 scale mail of Summer {Harm Int+9}
 10651 | Gauntlet | Killed a death scarab
 10704 | Gauntlet | Identified the +5 scale mail of Ciar {rC+ Str+3 Int+7
                  | Dex-2}
 10744 | Gauntlet | Identified the +10 hunting sling of Caiw {freeze, Fly rC+}
 10744 | Gauntlet | Noticed a minotaur
 10761 | Gauntlet | Killed a minotaur
 11245 | Lair:2   | Reached XP level 13. HP: 98/98 MP: 21/21
 11247 | Lair:2   | Reached skill level 14 in Axes
 11562 | Lair:3   | Found a staircase to the Snake Pit.
 11769 | Lair:3   | Found a staircase to the Swamp.
 12042 | Lair:3   | Noticed a cacodemon
 12734 | Lair:4   | Noticed a dire elephant
 12761 | Lair:4   | Killed a dire elephant
 13184 | Lair:4   | Found a transporter.
 13194 | Lair:4   | Found a one-way gate to the infinite horrors of the Abyss.
 13194 | Lair:4   | Noticed Plog's ghost (journeyman DDGl)
 13208 | Lair:4   | Found a transporter.
 13869 | Lair:5   | Reached skill level 15 in Axes
 14056 | Lair:6   | Entered Level 6 of the Lair of Beasts
 14202 | Lair:6   | Reached ****** piety under Makhleb
 14277 | Lair:6   | Gained mutation: You have a pair of large horns on your
                  | head. [demonic ancestry]
 14277 | Lair:6   | Reached XP level 14. HP: 89/106 MP: 21/23
 14445 | Lair:6   | Found a staircase to the Slime Pits.
 14733 | Lair:6   | Noticed an emperor scorpion
 14733 | Lair:6   | a seven-headed hydra changed into an emperor scorpion
 14749 | Lair:6   | Killed an emperor scorpion
 15038 | Lair:6   | Reached skill level 16 in Axes
 15341 | Lair:6   | Identified the ring of the Loving Gods {rF+ rN+ Str+3}
 15347 | Lair:6   | Identified the +3 ring mail of Supple Strength {Fly rN+
                  | Dex-4}
 15924 | Orc:1    | Entered Level 1 of the Orcish Mines
 16018 | Orc:2    | Entered Level 2 of the Orcish Mines
 16474 | Orc:2    | Reached skill level 10 in Shields
 16577 | Orc:2    | Reached XP level 15. HP: 115/115 MP: 24/24
 16600 | Orc:2    | Found a staircase to the Elven Halls.
 16811 | Orc:2    | Found Tufoluw's Armour Emporium.
 16817 | Orc:2    | Found Amejadwe's Armour Boutique.
 16827 | Orc:2    | Found Qahoanem's Antique Weapon Shoppe.
 16829 | Orc:2    | Found Mozi's Armour Emporium.
 16843 | Orc:2    | Reached skill level 10 in Fighting
 17680 | D:7      | Found the necklace of Bloodlust {*Rage Will++ Int-3 Slay+6}
 17762 | D:7      | Reached skill level 17 in Axes
 19903 | D:14     | Found a gate to the Vaults.
 20083 | D:14     | Found an ornate altar of the Wu Jian Council.
 20319 | D:15     | Entered Level 15 of the Dungeon
 20381 | D:15     | Reached skill level 18 in Axes
 20449 | D:15     | Reached skill level 10 in Armour
 20482 | D:15     | Found a blossoming altar of Fedhas.
 20663 | D:15     | Reached XP level 16. HP: 120/123 MP: 26/26
 20677 | D:15     | Reached skill level 1 in Dodging
 20778 | D:15     | Found a staircase to the Depths.
 20804 | D:15     | Identified the +7 falchion of the Evening {venom, rElec rC+
                  | Str+4}
 21390 | Orc:2    | Bought the +7 plate armour "Ivvuon" {rPois Will+ MP+9
                  | Dex-3} for 1048 gold pieces
 21525 | Swamp:1  | Entered Level 1 of the Swamp
 21530 | Swamp:1  | Noticed a thorn hunter
 21555 | Swamp:1  | Paralysed by a fenstrider witch for 6 turns
 21559 | Swamp:1  | HP: 6/124 [poisoned by a fenstrider witch (toxic sludge)]
 21559 | Swamp:1  | Slain by a goliath frog

Illustrated notes

Levels and vault maps discovered:
D:1:      heliophobic_arrival_battle_scene, layout_basic,
          hellmonk_ecumenical_altar_crossroads, minmay_pentomino_u2
D:2:      layout_rooms, basic_altar
D:3:      layout_basic
D:4:      cheibrodos_pilgrimage, layout_basic, enter_ossuary_5, serial_shops,
          nicolae_shop_statue_plus, nicolae_shop_bloodbath_and_beyond,
          nicolae_shop_hallway_stairs, corexii_checkpoint_a
D:5:      layout_cave_pods, minmay_temple_entry_wispy, uniq_ijyb
D:6:      layout_cave_pools, gup_sewer_entry_glass, uniq_pikel,
          uniq_blork_the_orc
D:7:      minmay_s_stair_smasher, layout_cave_pools,
          hellmonk_guarded_unrand_vitality_bloodlust
D:8:      layout_rooms, serial_corexii_hall, corexii_hall_statues_t,
          chequers_hall_statues_wall_a, biasface_ghost_orc_armoury,
          serial_shops, kennysheep_little_box, shop, st_stairs_9, uniq_grum
D:9:      layout_loops_ring, hangedman_glass_teeth, nrook_mini_backslash,
          uniq_erolcha
D:10:     layout_irregular_city, general_overflow_altar, nicolae_wand_duel
D:11:     layout_loops_cross, lair_entry_dummy, orc_0_dummy, serial_shops, shop
D:12:     layout_basic
D:13:     layout_roguey
D:14:     layout_big_octagon, erik_vaults_2, nzn_wu_jian_contemplation,
          hangedman_cracks_in_the_wall
D:15:     grunt_enter_depths_magical_seal, layout_irregular_city,
          hangedman_decor_opposing, fedhas_altar_2
Temple:   roderic_octagonal_lattice_temple
Lair:1:   dreamdust_isle_of_ice, layout_big_grid, beast_lair_carwin_6
Lair:2:   layout_regular_city, gauntlet_entry_generic
Lair:3:   layout_cave_pods, swamp_mist, guppyfry_snake_entry_island
Lair:4:   beast_lair_carwin_large_2, layout_gridlike, special_room
          [special_room_bee], gammafunk_ghost_abyssal_escape
Lair:5:   layout_misc_corridors
Lair:6:   due_jungle_book, layout_loops_ring, minmay_slime_entry_oklob_open
Swamp:1:  layout_falls_marsh, evilmike_swamp_ruin_house_4
Orc:1:    layout_caves, basic_altar
Orc:2:    st_orc_open, layout_caves

Skill      XL: |  1  2  3  4  5  6  7  8  9 10 11 12 13 14 15 16 |
---------------+-------------------------------------------------+-----
Axes           | 2 3 4 5 7 8 10 11 12 13 15 16 18 | 18.3
Armour         | 3 4 5 6 7 8 9 10 | 10.2
Shields        | 3 4 6 7 8 9 10 11 | 11.0
Fighting       | 4 6 7 8 9 10 | 10.7
Invocations    | 1 3 8 9 10 12 13 14 | 14.4
Unarmed Combat | 2 |  2.8
Evocations     | 3 4 |  4.4
Dodging        | 1 |  1.3
Long Blades    | |  0.4

Action                   |  1- 3 |  4- 6 |  7- 9 | 10-12 | 13-15 | 16-18 || total
-------------------------+-------+-------+-------+-------+-------+-------++-------
Melee: War axe           |   112 |   164 |   299 |   449 |   655 |       ||  1679
       Headbutt          |       |       |       |    96 |   343 |    20 ||   459
       Falchion          |       |       |       |     8 |     2 |       ||    10
       Broad axe         |       |       |       |       |   502 |    72 ||   574
Throw: Throwing net      |       |       |     1 |       |     2 |       ||     3
Invok: Major Destruction |       |       |       |     1 |       |     2 ||     3
       Greater Servant o |       |       |       |       |     1 |       ||     1
       Minor Destruction |       |       |       |       |     2 |       ||     2
Evoke: Wand              |       |       |       |    17 |    23 |       ||    40
  Use: Potion            |     1 |     1 |     1 |     4 |     2 |       ||     9
       Scroll            |       |    12 |     9 |    13 |    10 |       ||    44
 Stab: Paralysed         |       |       |       |     8 |    13 |       ||    21
       Invisible         |       |       |       |    11 |       |       ||    11
       Distracted        |       |       |       |       |     1 |       ||     1
Armor: Scale mail        |    37 |    22 |       |       |       |       ||    59
       Chain mail        |       |    68 |    84 |       |       |       ||   152
       Pearl dragon scal |       |       |    55 |   259 |   471 |    31 ||   816
       Skin              |       |       |       |       |    16 |       ||    16
       Plate armour      |       |       |       |       |       |    13 ||    13
Dodge: Dodged            |    40 |    56 |   109 |   177 |   308 |    24 ||   714
Block: Buckler           |    69 |    88 |     9 |       |       |       ||   166
       Kite shield       |       |       |   209 |   338 |   757 |       ||  1304
       Tower shield      |       |       |       |       |    58 |    75 ||   133

Table legend: (Time is in decaauts)
 A = Elapsed time spent in this place.
 B = Non-inter-level travel time spent in this place.
 C = Inter-level travel time spent in this place.
 D = Time resting spent in this place.
 E = Time spent auto-exploring this place.
 F = Levels seen in this place.
 G = Mean time per level.
                   A        B        C        D        E       F      G
               +--------+--------+--------+--------+--------+-----+--------+
         Total |  21723 |  19406 |   2317 |    788 |  12523 |  28 |  775.8 |
       Dungeon |  13208 |  11571 |   1637 |    487 |   7817 |  15 |  880.5 |
        Temple |    117 |    101 |     16 |      0 |     91 |   1 |  117.0 |
          Lair |   6067 |   5537 |    530 |    233 |   3730 |   6 | 1011.2 |
         Swamp |     11 |     11 |      0 |      0 |      0 |   1 |   11.0 |
  Orcish Mines |   1216 |   1083 |    133 |      0 |    684 |   2 |  608.0 |
         Sewer |    357 |    357 |      0 |      0 |    101 |   1 |  357.0 |
       Ossuary |    206 |    206 |      0 |      0 |      0 |   1 |  206.0 |
      Gauntlet |    538 |    538 |      0 |     68 |    100 |   1 |  538.0 |
               +--------+--------+--------+--------+--------+-----+--------+

Top non-repeatable levels by time:
  Lair:6: 1610 daAuts
     D:1: 1198 daAuts
    D:12: 1159 daAuts
    D:11: 1136 daAuts
  Lair:3: 1118 daAuts
     D:9: 1073 daAuts
     D:5: 998 daAuts
     D:4: 972 daAuts
  Lair:4: 965 daAuts
    D:15: 915 daAuts
  Lair:1: 909 daAuts
    D:10: 898 daAuts
     D:8: 860 daAuts
    D:14: 857 daAuts
  Lair:2: 828 daAuts
